 Dungeon Crawl Stone Soup version 0.29.0-11-gd7f09526c8 (webtiles) character file.

Game seed: 4079790733794646282

20172 SensoryNuts the Severer (level 12, -4/108 HPs)
             Began as a Hill Orc Fighter on Sept 4, 2022.
             Killed from afar by a bog body (20 damage)
             ... with a bolt of cold
             ... on level 2 of the Lair of Beasts.
             The game lasted 00:13:42 (14809 turns).

SensoryNuts the Severer (Hill Orc Fighter)         Turns: 14809, Time: 00:13:42

Health: -4/108     AC: 18    Str: 24    XL:     12   Next: 76%
Magic:  12/12      EV:  7    Int:  8    God:
Gold:   859        SH: 10    Dex: 10    Spells: 11/11 levels left

rFire   . . .      SeeInvis .   a - +2 war axe (flame)
rCold   . . .      Faith    .   c - +0 buckler
rNeg    . . .      Spirit   .   j - +1 plate armour
rPois   .          Reflect  +   (no helmet)
rElec   .          Harm     .   (no cloak)
rCorr   .          Rampage  .   (no gloves)
Will    .....                   g - +1 pair of boots
Stlth   ..........              o - amulet of reflection
HPRegen 0.28/turn               (no ring)
MPRegen 0.13/turn               (no ring)

@: mighty, slowed, very slow
A: no striking features
a: no special abilities


You were on level 2 of the Lair of Beasts.
You visited 3 branches of the dungeon, and saw 12 of its levels.

You collected 859 gold pieces.

Inventory:

Hand Weapons
 a - a +2 war axe of flaming (weapon)
Missiles
 y - 2 throwing nets (quivered)
Armour
 c - a +0 buckler (worn)
 g - a +1 pair of boots (worn)
 j - a +1 plate armour (worn)
Jewellery
 h - an amulet of guardian spirit
 o - an amulet of reflection (around neck)
 z - a ring of poison resistance
 D - a ring of positive energy
Wands
 e - a wand of iceblast (11)
 n - a wand of paralysis (13)
 q - a wand of digging (4)
Scrolls
 b - a scroll of silence
 i - a scroll of brand weapon
 k - a scroll of identify
 m - 2 scrolls of noise
 p - 4 scrolls of teleportation
 w - a scroll of magic mapping
 x - a scroll of blinking
 A - a scroll of enchant armour
 B - a scroll of immolation
Potions
 d - 2 potions of degeneration
 f - a potion of cancellation
 l - 4 potions of resistance
 r - a potion of lignification
 s - 2 potions of brilliance
 t - a potion of curing
 u - 4 potions of flight
 C - a potion of haste


   Skills:
 + Level 10.9 Fighting
 * Level 18.7 Axes
 + Level 10.9 Armour
 + Level 2.4 Dodging
 + Level 1.4 Stealth
 + Level 7.9 Shields


You had 11 spell levels left.
You didn't know any spells.
Your spell library contained the following spells:

 Spells                   Type           Power      Damage    Failure   Level
 Apportation              Tloc           0%         N/A       99%         1
 Magic Dart               Conj           0%         1d3       99%         1
 Searing Ray              Conj           0%         2d4       100%        2
 Static Discharge         Conj/Air       0%         3-3/arc   100%        2
 Tukima's Dance           Hex            0%         N/A       100%        3
 Fulminant Prism          Conj/Hex       0%         3d6       100%        4
 Passage of Golubria      Tloc           0%         N/A       100%        4
 Alistair's Intoxication  Tmut/Pois      0%         N/A       100%        5
 Fireball                 Conj/Fire      0%         3d3       100%        5
 Iskenderun's Battlesphe  Conj           0%         2d6       100%        5
 Lightning Bolt           Conj/Air       0%         1d11      100%        5
 Yara's Violent Unravell  Hex/Tmut       0%         3d3       100%        5
 Conjure Ball Lightning   Conj/Air       0%         3x3d6     100%        6
 Orb of Destruction       Conj           0%         9d5       100%        7
 Maxwell's Capacitive Co  Air            0%         ∞         100%        8


Dungeon Overview and Level Annotations

Branches:
Dungeon (9/15)             Temple (1/1) D:7            Lair (2/5) D:8
  Swamp (0/4) Lair:2          Orc (0/2) D:9
  Snake: Lair:2-3    Spider: Lair:2-3

Altars:
Ashenzari
Cheibriados
Dithmenos
Elyvilon
Fedhas
Gozag
Hepliaklqana
Makhleb
Nemelex Xobeh
Okawaru
Qazlal
Ru
Trog
Uskayaw
Vehumet
Wu Jian
Xom
Yredelemnul
Zin
The Shining One
Beogh

Annotations:
D:7 1 runed translucent door, BubbleThief's ghost, novice DsBe


Message History

* * * LOW HITPOINT WARNING * * *
You hit the electric eel. You burn the electric eel.
The electric eel is lightly wounded.
You hit the bog body. You burn the bog body.
The bog body gestures at you while chanting.
The bolt of cold hits you!
* * * LOW HITPOINT WARNING * * *
You miss the electric eel.
The electric eel is lightly wounded.
You hit the bog body.
You hit the electric eel but do no damage.
The electric eel is lightly wounded.
You barely miss the bog body.
The bog body points at you and mumbles some strange words.
You feel yourself slow down.
You hit the electric eel. You burn the electric eel.
The electric eel is heavily wounded.
You closely miss the bog body. The bog body barely misses you.
The electric eel shoots out a bolt of lightning at you!
The bolt of electricity hits you.
* * * LOW HITPOINT WARNING * * *
You feel better. The bog body completely misses you.
The electric eel shoots out a bolt of lightning at you!
The bolt of electricity hits you!
* * * LOW HITPOINT WARNING * * *
The bog body touches you but does no damage.
The electric eel shoots out a bolt of lightning at you!
The bolt of electricity hits you.
* * * LOW HITPOINT WARNING * * *
You feel very mighty all of a sudden. The bog body closely misses you.
You slice the electric eel!! You burn the electric eel.
You kill the electric eel!
You hear a splash.
You slash the bog body! You burn the bog body.
The bog body points at you and mumbles some strange words.
The bolt of cold misses you.
The bog body gestures at you while chanting.
The bolt of cold hits you!!
You die...

####.###..############## ##
.#.P...###.#...##P##.#.###.######
..............<...).............#
................................#
.........♣♣♣♣♣♣♣♣..............#
....♣♣♣♣♣♣♣♣♣♣♣♣♣♣♣♣♣..........##
..♣♣♣~≈~♣~~~≈≈~♣§§§~♣♣.........P#
.⌠...♣.♣.♣.♣...n§§>§♣♣.........##
.⌠..........†.†.@§.~♣♣..........#
..♣♣♣~~~~♣≈~~~~≈§§§~♣♣♣........##
#...♣♣♣♣♣♣♣♣♣♣♣♣♣♣♣♣♣##........#
##..(....♣ #.........# #########
##........# #........#
#........## .#.........#
..........##


You could see a bog body.

Vanquished Creatures
  A hydra (Lair:1)
  A catoblepas (Lair:2)
  A bog body (Lair:2)
  2 black mambas (Lair:1)
  6 elephants (Lair:2)
  A cane toad (Lair:1)
  2 rime drakes
  8 komodo dragons
  A freezing wraith (D:9)
  A hornet (D:8)
  Prince Ribbit (D:8)
  Sigmund (D:2)
  A spriggan (D:8)
  28 yaks
  2 wyverns
  A basilisk (Lair:2)
  A steam dragon (D:7)
  7 water moccasins
  4 swamp worms (Lair:2)
  2 sky beasts (D:7)
  A black bear (Lair:2)
  5 orc warriors (D:9)
  2 ogres
  10 wolves
  3 centaurs
  4 kobold brigands
  14 bullfrogs
  4 scorpions
  2 gnoll sergeants
  23 wights
  3 killer bees (D:8)
  3 howler monkeys
  6 electric eels
  A lava snake (D:9)
  4 jellies
  A gnoll bouda (D:4)
  3 hounds
  11 orc priests
  5 iguanas
  Ijyb (D:3)
  5 orc wizards
  12 gnolls
  6 adders
  2 shadow imps
  A white imp (D:6)
  An ufetubus (D:6)
  A dart slug (D:5)
  49 orcs
  11 endoplasms
  3 giant cockroaches
  8 goblins
  3 hobgoblins
  4 jackals (D:4)
  5 quokkas
  6 ball pythons
  6 bats (D:1)
  3 frilled lizards
  21 kobolds
  11 rats
336 creatures vanquished.

Vanquished Creatures (others)
  A wizard (D:9)
  A goblin (D:3)
  11 fungi
  92 plants
105 creatures vanquished.

Grand Total: 441 creatures vanquished

Notes
Turn   | Place    | Note
-------+----------+-------------------------------------------
     0 | D:1      | SensoryNuts the Hill Orc Fighter began the quest for the
                  | Orb.
     0 | D:1      | Reached XP level 1. HP: 19/19 MP: 1/1
   161 | D:1      | Reached XP level 2. HP: 27/27 MP: 2/2
   358 | D:1      | Reached skill level 3 in Axes
   788 | D:2      | Reached XP level 3. HP: 26/33 MP: 3/3
  1031 | D:2      | Noticed Sigmund
  1046 | D:2      | Killed Sigmund
  1047 | D:2      | Reached skill level 6 in Axes
  1047 | D:2      | Reached XP level 4. HP: 4/40 MP: 4/4
  1047 | D:2      | Reached XP level 5. HP: 5/46 MP: 5/5
  1536 | D:2      | Reached XP level 6. HP: 52/52 MP: 6/6
  1950 | D:3      | Noticed Ijyb
  1964 | D:3      | Killed Ijyb
  1965 | D:3      | Reached skill level 7 in Axes
  1965 | D:3      | Found an opulent altar of Gozag.
  2099 | D:3      | Found a sparkling altar of Nemelex Xobeh.
  2258 | D:3      | Found a faded altar of an unknown god.
  2857 | D:4      | Reached XP level 7. HP: 59/60 MP: 7/7
  2871 | D:4      | Found a broken altar of Ashenzari.
  3037 | D:4      | Reached skill level 8 in Axes
  3113 | D:4      | Reached skill level 1 in Stealth
  3120 | D:4      | Found a stormy altar of Qazlal.
  3286 | D:5      | Entered Level 5 of the Dungeon
  3488 | D:5      | Reached skill level 9 in Axes
  3578 | D:5      | Reached skill level 1 in Dodging
  3721 | D:5      | Found a glowing silver altar of Zin.
  3721 | D:5      | Found a glowing golden altar of the Shining One.
  3721 | D:5      | Found a white marble altar of Elyvilon.
  4011 | D:5      | Reached XP level 8. HP: 56/67 MP: 8/8
  4382 | D:6      | Reached skill level 10 in Axes
  4435 | D:6      | Reached skill level 5 in Fighting
  4733 | D:5      | Reached skill level 11 in Axes
  4733 | D:5      | Reached skill level 5 in Armour
  5093 | D:6      | Reached XP level 9. HP: 62/75 MP: 9/9
  5353 | D:6      | Reached skill level 12 in Axes
  5515 | D:6      | Found a shadowy altar of Dithmenos.
  5752 | D:7      | Reached skill level 13 in Axes
  5752 | D:7      | Reached skill level 5 in Shields
  5969 | D:7      | Found a radiant altar of Vehumet.
  6143 | D:7      | Found a runed translucent door.
  6143 | D:7      | Noticed BubbleThief's ghost (novice DsBe)
  6385 | D:7      | Found a staircase to the Ecumenical Temple.
  6500 | Temple   | Entered the Ecumenical Temple
  6633 | D:7      | Found an iron altar of Okawaru.
  6645 | D:7      | Identified the +0 mace of the Orcish Mines {vorpal, Str+5
                  | Int+3 Stlth-}
  7025 | D:7      | Reached skill level 14 in Axes
  7025 | D:7      | Reached XP level 10. HP: 73/84 MP: 10/10
  8038 | D:8      | Reached skill level 15 in Axes
  8225 | D:8      | Paralysed by a spriggan for 5 turns
  8248 | D:8      | Found a hazy altar of Hepliaklqana.
  8249 | D:8      | Found a faded altar of an unknown god.
  8425 | D:8      | Noticed Prince Ribbit
  8431 | D:8      | Killed Prince Ribbit
  8614 | D:8      | Found a staircase to the Lair.
  9140 | D:9      | Reached skill level 16 in Axes
  9304 | D:9      | Reached XP level 11. HP: 63/93 MP: 11/11
  9607 | D:9      | Found a roughly hewn altar of Beogh.
  9607 | D:9      | Found a staircase to the Orcish Mines.
 10892 | D:9      | Found an ornate altar of the Wu Jian Council.
 11012 | D:9      | Found a bloodstained altar of Trog.
 11013 | D:9      | Noticed a wizard
 11019 | D:9      | Killed a wizard
 11148 | Lair:1   | Entered Level 1 of the Lair of Beasts
 11223 | Lair:1   | Reached skill level 17 in Axes
 11718 | Lair:1   | Noticed a four-headed hydra
 11729 | Lair:1   | Killed a one-headed hydra
 12397 | Lair:1   | Reached XP level 12. HP: 63/106 MP: 12/12
 13164 | Lair:1   | Reached skill level 18 in Axes
 13749 | Lair:2   | Reached skill level 10 in Armour
 13854 | Lair:2   | Reached skill level 10 in Fighting
 14409 | Lair:2   | Noticed a catoblepas
 14421 | Lair:2   | Killed a catoblepas
 14789 | Lair:2   | Found a staircase to the Swamp.
 14809 | Lair:2   | Killed from afar by a bog body

Illustrated notes

Levels and vault maps discovered:
D:1:      elethiomel_arrival_infinity_welcomes_careful_drivers, layout_rooms
D:2:      layout_basic, kennysheep_generic_room_13, uniq_sigmund
D:3:      layout_rooms, nemelex_spade_bored_becter, mainiacjoe_overflow_catwalk,
          ebering_ecumenical_altar_hall, fountainhead, amethyst_killhole,
          grunt_decor_mini_mirrors, uniq_ijyb
D:4:      layout_rooms, nicolae_ashenzari_panopticon,
          nicolae_qazlal_general_emergency, chequers_serial_rivers_small_b,
          minmay_misc_feat_chi, nrook_mini_vaults
D:5:      layout_gridville, good_gods_mini_temple
D:6:      layout_rooms, grunt_dithmenos_shadows
D:7:      minmay_skewed_foursquare, layout_basic, okawaru_ov_weapons_minmay,
          nicolae_vehumet_radiance, minmay_temple_entry_large_hall,
          ebering_ghost_inner_flame
D:8:      layout_basic, beargit_hepliaklqana_dungeon_heroes, dpeg_oklobed_lair,
          minmay_crossroads, uniq_prince_ribbit1
D:9:      layout_basic, lemuel_crystal_altar, trog_wizard, david_orc_5,
          minmay_misc_feat_more_columns, hangedman_decor_riveting,
          kennysheep_island_fort
Temple:   nicolae_temple_little_seven
Lair:1:   layout_long_grid, serial_bayou, serial_bayou_lagoon_b,
          serial_bayou_pond_e, serial_bayou_pond_b, serial_bayou_lagoon_a,
          serial_bayou_shore_a
Lair:2:   layout_big_grid, nicolae_swamp_entry_splash_gauntlet,
          spider_nest_entry_funnel_web, serial_bayou_shore_b

Skill      XL: |  1  2  3  4  5  6  7  8  9 10 11 12 |
---------------+-------------------------------------+-----
Axes           | 3 6 7 9 11 14 16 17 18 | 18.7
Fighting       | 4 5 6 7 9 10 | 10.9
Armour         | 4 5 6 7 9 10 | 10.9
Stealth        | 1 |  1.4
Shields        | 4 5 7 |  7.9
Dodging        | 1 2 |  2.4

Action                   |  1- 3 |  4- 6 |  7- 9 | 10-12 || total
-------------------------+-------+-------+-------+-------++-------
Melee: War axe           |    70 |    77 |   256 |   592 ||   995
  Use: Potion            |     1 |     1 |     1 |    11 ||    14
       Scroll            |       |     9 |     5 |     7 ||    21
Armor: Scale mail        |    42 |    32 |    80 |     6 ||   160
       Plate armour      |       |       |       |   180 ||   180
Dodge: Dodged            |    49 |    40 |    78 |   111 ||   278
Block: Buckler           |    14 |    14 |    97 |   217 ||   342
       Reflection        |       |       |       |    11 ||    11
